Map: Overgrowth LE (Void)

Players

Namshar - Winner!

  • Race: Zerg Zerg
  • Spawn Location: 1:00

Drager

  • Race: Protoss Protoss
  • Spawn Location: 7:00

Event: WESG 2016 Finals

VOD

Have the link to the VOD?

Description

Time

  • Played on: Jan. 12, 2017, 6:59 a.m.
  • Length: 8:24

All games in this series

Show
View Real Time Build Order
Export as new Build Order

Namshar Zerg - Winner!

Build Orders: Pool First 

Get SALT Encoding   

  12  0:00  Drone  
  13  0:12  Overlord  
  13  0:17  Drone  
  14  0:30  Drone x2  
  14  0:34  Drone  
  17  0:43  Spawning Pool  
  17  0:47  Drone  
  17  0:52  Extractor  
  17  0:55  Drone  
  17  1:14  Hatchery  
  17  1:16  Drone  
  17  1:20  Drone  
  18  1:30  Queen  
  20  1:34  Zergling x2  
  21  1:42  Drone  
  22  1:57  Metabolic Boost  
  22  2:06  Hatchery  
  21  2:16  Queen  
  21  2:17  Extractor  
  23  2:24  Overlord  
  24  2:30  Drone x2  
  24  2:32  Drone  
  24  2:36  Drone  
  24  2:37  Drone  
  28  2:43  Drone x2  
  30  2:45  Drone  
  31  2:51  Overlord  
  31  2:57  Drone  
  32  3:00  Queen  
  32  3:04  Drone x2  
  35  3:13  Drone x4  
  39  3:24  Overlord  
  39  3:25  Drone  
  39  3:26  Drone x3  
  43  3:31  Spore Crawler  
  42  3:34  Spore Crawler  
  42  3:38  Drone x2, Spore Crawler  
  42  3:40  Drone  
  43  3:43  Queen  
  43  3:47  Overlord  
  45  3:52  Evolution Chamber  
  45  3:53  Drone x2  
  45  3:54  Drone  
  47  3:58  Drone x3  
  50  4:04  Drone  
  50  4:05  Drone x3  
  54  4:17  Drone  
  54  4:18  Drone, Overlord x2  
  54  4:20  Zergling x8  
  54  4:21  Zergling x2  
  61  4:25  Zerg Melee Weapons Level 1  
  61  4:29  Overlord  
  61  4:33  Drone  
  61  4:34  Drone x3, Extractor  
  64  4:40  Zergling x4  
  64  4:45  Drone  
  67  4:50  Drone  
  67  4:51  Drone x7, Extractor  
  73  5:00  Zergling x4  
  73  5:01  Drone x2  
  73  5:02  Pneumatized Carapace  
  77  5:13  Drone  
  78  5:14  Extractor  
  78  5:15  Drone x2, Extractor  
  78  5:17  Extractor  
  77  5:33  Drone x3  
  77  5:35  Queen  
  80  5:39  Overlord  
  80  5:40  Drone  
  80  5:42  Zergling x2  
  83  5:43  Hatchery, Zergling x12  
  83  5:46  Zergling x2  
  83  5:47  Hatchery  
  84  5:57  Zergling x10  
  84  6:01  Lair  
  84  6:03  Drone x3  
  92  6:12  Queen  
  90  6:27  Overlord x5  
  90  6:32  Queen  
  90  6:38  Zergling x16  
  97  6:41  Overlord  
  97  6:42  Overlord x4  
  96  6:54  Queen  
  96  7:08  Queen  
  92  7:20  Drone, Queen x2  
  92  7:21  Spire  
  92  7:24  Zergling x26  
  92  7:25  Zergling x4  
  92  7:29  Queen  
  104  7:34  Overlord x2  
  106  7:38  Zergling x16  
  114  7:53  Overlord x2  
  111  8:04  Spore Crawler  
Show
View Real Time Build Order
Export as new Build Order

Drager Protoss 

Build Orders: Nexus First, Oracle Opening, Carrier Rush 

Get SALT Encoding   

  12  0:01  Probe (Chrono Boost)  
  13  0:11  Probe (Chrono Boost)  
  14  0:18  Pylon  
  14  0:22  Probe (Chrono Boost)  
  15  0:37  Probe (Chrono Boost)  
  16  0:47  Probe (Chrono Boost)  
  17  0:57  Nexus  
  17  1:07  Gateway  
  17  1:09  Probe (Chrono Boost)  
  18  1:15  Assimilator  
  18  1:20  Probe (Chrono Boost)  
  18  1:23  Assimilator  
  19  1:30  Probe (Chrono Boost)  
  20  1:41  Probe (Chrono Boost)  
  21  1:52  Zealot  
  21  1:54  Cybernetics Core  
  23  2:02  Pylon  
  23  2:10  Probe x2 (Chrono Boost)  
  25  2:20  Probe (Chrono Boost)  
  25  2:21  Probe (Chrono Boost)  
  27  2:30  Stargate  
  27  2:31  Probe (Chrono Boost)  
  27  2:32  Probe (Chrono Boost)  
  27  2:35  Warp Gate  
  29  2:39  Stalker  
  29  2:42  Probe (Chrono Boost)  
  32  2:45  Probe (Chrono Boost)  
  33  2:54  Probe (Chrono Boost)  
  33  2:56  Probe (Chrono Boost)  
  36  3:06  Probe (Chrono Boost)  
  36  3:07  Assimilator, Probe (Chrono Boost)  
  36  3:08  Assimilator  
  36  3:09  Oracle  
  36  3:18  Probe (Chrono Boost)  
  36  3:19  Probe (Chrono Boost)  
  41  3:27  Pylon  
  41  3:30  Probe x2 (Chrono Boost)  
  43  3:41  Probe (Chrono Boost)  
  45  3:42  Probe (Chrono Boost)  
  45  3:46  Fleet Beacon  
  45  3:51  Probe (Chrono Boost)  
  45  3:52  Stargate  
  45  3:53  Probe (Chrono Boost)  
  47  4:01  Pylon  
  47  4:02  Probe (Chrono Boost)  
  48  4:04  Probe (Chrono Boost)  
  49  4:12  Probe (Chrono Boost)  
  49  4:14  Probe (Chrono Boost)  
  51  4:20  Pylon  
  51  4:21  Pylon  
  51  4:23  Probe (Chrono Boost)  
  52  4:25  Carrier  
  52  4:26  Probe (Chrono Boost)  
  52  4:28  Carrier  
  59  4:45  Pylon  
  65  4:54  Graviton Catapult  
  64  5:04  Probe (Chrono Boost)  
  65  5:10  Protoss Air Weapons Level 1  
  65  5:12  Mothership Core (Chrono Boost)  
  65  5:13  Nexus  
  67  5:28  Probe (Chrono Boost)  
  67  5:32  Probe (Chrono Boost)  
  68  5:47  Probe x2 (Chrono Boost)  
  70  5:50  Adept  
  72  5:59  Probe (Chrono Boost)  
  72  6:00  Probe (Chrono Boost)  
  72  6:08  Pylon  
  72  6:11  Carrier  
  73  6:12  Probe (Chrono Boost)  
  73  6:14  Adept  
  76  6:18  Probe (Chrono Boost)  
  78  6:28  Pylon  
  78  6:29  Pylon  
  77  6:33  Pylon  
  77  6:35  Pylon  
  77  6:38  Gateway, Pylon  
  77  6:39  Carrier  
  77  6:43  Pylon  
  72  6:56  Probe (Chrono Boost)  
  69  7:03  Probe (Chrono Boost)  
  61  7:08  Probe (Chrono Boost)  
  61  7:15  Probe (Chrono Boost)  
  54  7:20  Probe (Chrono Boost)  
  44  7:27  Probe (Chrono Boost)  
  45  7:33  Probe (Chrono Boost)  
  45  7:35  Zealot  
  48  7:39  Probe (Chrono Boost)  
  56  7:44  Probe (Chrono Boost)  
  56  7:50  Probe (Chrono Boost)  
  57  7:55  Probe (Chrono Boost)  
  58  8:00  Probe (Chrono Boost)  
  58  8:04  Zealot  
  58  8:05  Probe (Chrono Boost)  
  68  8:11  Probe (Chrono Boost)  
Tags
 
Add a new tag
Caveats
  • Supply blocks, unpowered buildings, or Contaminate may cause inaccurate times.
  • Supply counts are checked every 10 seconds.